 Dungeon Crawl Stone Soup version 0.20.1-1-g8b1a95d (webtiles) character file.

63 KrisztiCat the Skirmisher (level 4, 0/41 HPs)
             Began as a Hill Orc Berserker on Nov 13, 2017.
             Was a Believer of Trog.
             Slain by Linguinho's ghost (3 damage)
             ... on level 3 of the Dungeon.
             The game lasted 00:09:11 (2223 turns).

KrisztiCat the Skirmisher (Hill Orc Berserker)      Turns: 2223, Time: 00:09:11

Health: 0/41       AC:  3    Str: 20    XL:     4   Next: 9%
Magic:  4/4        EV: 12    Int:  7    God:    Trog [**....]
Gold:   55         SH:  0    Dex: 10    Spells: 3/3 levels left

rFire    . . .     SeeInvis .   m - +0 whip (curse)
rCold    . . .     Gourm    .   (no shield)
rNeg     . . .     Faith    .   b - +1 animal skin
rPois    .         Spirit   .   (no helmet)
rElec    .         Reflect  .   (no cloak)
rCorr    .         Harm     .   (no gloves)
MR       .....                  (no boots)
Stlth    +.........             (no amulet)
Regen    0.2/turn               (no ring)
MPRegen  0.1/turn               (no ring)

@: berserk cooldown, slowed, very slow
A: no striking features
a: Berserk, Trog's Hand, Burn Spellbooks, Renounce Religion


You were on level 3 of the Dungeon.
You worshipped Trog.
Trog was pleased with you.
You were hungry.

You visited 1 branch of the dungeon, and saw 3 of its levels.

You collected 55 gold pieces.

Inventory:

Hand Weapons
 a - a +0 mace
 g - a +1 spear of pain
 m - a cursed +0 whip (weapon)
Armour
 b - a +1 animal skin (worn)
Jewellery
 k - an uncursed ring of wizardry {unknown}
Wands
 i - a wand of paralysis (10/24)
Potions
 d - 2 potions of haste {unknown}
 e - a potion of ambrosia
 f - a potion of might {unknown}
Comestibles
 c - 2 bread rations
 h - 5 fruits


   Skills:
 - Level 4.3 Fighting
 + Level 4.2 Maces & Flails
 - Level 0.7 Polearms
 - Level 2.2 Armour
 - Level 1.8 Dodging
 - Level 0.5 Stealth


You had 3 spell levels left.
You didn't know any spells.

Dungeon Overview and Level Annotations

Branches:
Dungeon (3/15)

Altars:
Gozag
Nemelex Xobeh

Annotations:
D:3 Linguinho's ghost, amateur TrMo


Message History

The orc closely misses you.
Linguinho's ghost completely misses you.
You closely miss Linguinho's ghost.
Linguinho's ghost is severely damaged.
You barely miss Linguinho's ghost.
Linguinho's ghost is severely damaged.
The orc hits you but does no damage.
Linguinho's ghost shrieks, "There is no future for me!"
Linguinho's ghost hits you!
* * * LOW HITPOINT WARNING * * *
You barely miss Linguinho's ghost.
Linguinho's ghost is severely damaged.
You are no longer berserk.
You are exhausted.
You feel yourself slow down.
You hit the orc.
You kill the orc!
Trog accepts your kill. Linguinho's ghost hits you.
You die...

*,*,* *,,,,,,,,,* **,,***,
,,,,***,,*,*,*#.* *,≈≈,**,
*,,,,,,,,*,*,*#.* *,≈≈,**,
*,****..,,,,.##.******##***,,***,
*,,,,...**,*#...,,,,*...* *,,* *,
****##.##*,*#.#.***,.(,,***++***,
#...#*,,....###.#..#*,*,,**,,
#...#***#.##W......#*,,,,,,,,
#...# #.##@#*,**,****,*****
#...#####.##o#*,**,****,** *
#####...##......o#*,**,,,,,,,* *
..............##o#*,****,,,,,* *
........................,,,,,* *
.............#.....#####,,,,,* *
#####...##.###.<...#****,,,,,* *
#...##..........,,,,,,,,,*
#...######.....##,,*,***,*


You could see Linguinho's ghost and 3 orcs.

Vanquished Creatures
  5 worms (D:2)
  A dart slug (D:2)
  2 leopard geckos (D:2)
  An orc (D:3)
  3 giant cockroaches
  2 goblins
  A hobgoblin (D:1)
  4 jackals (D:1)
  8 kobolds
  2 ball pythons
  6 bats
  2 frilled lizards
  4 rats
41 creatures vanquished.

Notes
Turn   | Place    | Note
-------+----------+-------------------------------------------
     0 | D:1      | KrisztiCat the Hill Orc Berserker began the quest for the Orb.
     0 | D:1      | Reached XP level 1. HP: 19/19 MP: 1/1
   237 | D:1      | Reached XP level 2. HP: 23/27 MP: 2/2
   933 | D:2      | Reached XP level 3. HP: 32/33 MP: 3/3
  1001 | D:2      | Reached ** piety under Trog
  1013 | D:2      | HP: 2/49 [goblin/club (5)]
  1344 | D:2      | Found a sparkling altar of Nemelex Xobeh.
  1462 | D:2      | Found an opulent altar of Gozag.
  1772 | D:2      | Reached XP level 4. HP: 9/41 MP: 4/4
  1828 | D:2      | HP: 3/61 [kobold/dagger (2)]
  2077 | D:3      | Found a faded altar of an unknown god.
  2201 | D:3      | Noticed Linguinho's ghost (amateur TrMo)
  2223 | D:3      | Slain by Linguinho's ghost

Skill      XL: |  1  2  3 |
---------------+----------+-----
Fighting       | 4 |  4.3
Maces & Flails | 4 |  4.2
Polearms       | |  0.7
Armour         | |  2.2
Dodging        | |  1.8
Stealth        | |  0.5

Action                   |  1- 3 |  4- 6 || total
-------------------------+-------+-------++-------
Melee: Spear             |    73 |       ||    73
       Mace              |    45 |       ||    45
       Whip              |    28 |    45 ||    73
Invok: Berserk           |     2 |     2 ||     4
  Use: Scroll            |     3 |     1 ||     4
 Stab: Sleeping          |     1 |       ||     1
  Eat: Chunk             |     4 |     3 ||     7
Armor: Animal skin       |    47 |     4 ||    51
Dodge: Dodged            |   132 |    22 ||   154
